 Dungeon Crawl Stone Soup version 0.28-a0-1002-gf00fe891ef (webtiles) character file.

Game seed: 3420525634387436622

1 miscthings the Charlatan (level 1, -7/9 HPs)
             Began as a Vine Stalker Artificer on Dec 6, 2021.
             Mangled by a gnoll (8 damage)
             ... on level 1 of the Dungeon.
             The game lasted 00:00:37 (37 turns).

miscthings the Charlatan (Vine Stalker Artificer)     Turns: 37, Time: 00:00:38

Health: -7/9       AC:  3    Str: 14    XL:     1   Next: 20%
Magic:  0/2        EV: 11    Int: 11    God:
Gold:   18         SH:  0    Dex: 14    Spells: 0/0 levels left

rFire   . . .      SeeInvis .   a - +0 club
rCold   . . .      Faith    .   (no shield)
rNeg    . . .      Spirit   +   b - +0 leather armour
rPois   .          Reflect  .   (no helmet)
rElec   .          Harm     .   (no cloak)
rCorr   .          Rampage  .   (no gloves)
Will    .....                   (no boots)
Stlth   +.........              (no amulet)
HPRegen 0.03/turn               (no ring)
MPRegen 0.08/turn               (no ring)

@: no status effects
A: fangs 2, magic shield, antimagic bite, no potion heal 2
a: no special abilities


You were on level 1 of the Dungeon.
You visited 1 branch of the dungeon, and saw 1 of its levels.

You collected 18 gold pieces.

Inventory:

Hand Weapons
 a - a +0 club (weapon)
Armour
 b - a +0 leather armour (worn)
Wands
 c - a wand of flame (13) (quivered)
 d - a wand of charming (15)
Miscellaneous
 e - a piece from Xom's chessboard (6/15)


   Skills:
 + Level 0.8 Fighting
 - Level 1.5 Armour
 - Level 0.7 Dodging
 - Level 1.2 Stealth
 + Level 2.7 Evocations


You couldn't memorise any spells.
You didn't know any spells.
Your spell library was empty.

Dungeon Overview and Level Annotations

Branches:
Dungeon (1/15)

Altars:


Innate Abilities, Weirdness & Mutations

You have extremely sharp teeth.
When hurt, damage is shared between your health and your magic reserves.
Your bite disrupts and absorbs the magic of your enemies.
Potions cannot restore your health.


Message History

The hobgoblin is heavily wounded.
The hobgoblin hits you but does no damage.
You closely miss the hobgoblin.
You bite the hobgoblin, but do no damage.
The hobgoblin is heavily wounded.
The hobgoblin hits you.
You make a move on Xom's chessboard...
The hobgoblin struggles to resist.
The hobgoblin barely misses you.
You make a move on Xom's chessboard...
The hobgoblin is outlined in light.
The hobgoblin closely misses you.
You make a move on Xom's chessboard...
The hobgoblin seems to grow stronger.
The hobgoblin hits you but does no damage.
You make a move on Xom's chessboard...
The hobgoblin falls asleep!
You make a move on Xom's chessboard...
The gnoll seems to grow stronger.
You make a move on Xom's chessboard...
The hobgoblin shouts!
Nothing appears to happen.
The hobgoblin barely misses you.
You make a move on Xom's chessboard...
The hobgoblin appears confused.
The hobgoblin closely misses the gnoll.
You make a move on Xom's chessboard...
The gnoll twists and deforms.
The hobgoblin ponders the situation.
The hobgoblin hits you.
Ouch! That really hurt!
You make a move on Xom's chessboard...
The gnoll falls asleep!
The hobgoblin hits you.
* * * LOW HITPOINT WARNING * * *
Aiming: Throw Flame
Press: ? - help, Shift-Dir - straight line, f - hobgoblin
Aim: a hobgoblin (heavily wounded, strong, confused, softly glowing, 93% to hit)
The puff of flame hits the hobgoblin.
You kill the hobgoblin!
The gnoll shouts!
Aiming: Throw Flame
Press: ? - help, Shift-Dir - straight line, f - gnoll
Aim: a gnoll, wielding a +0 club (strong, misshapen and mutated, 75% to hit)
The puff of flame hits the gnoll!
The gnoll is severely wounded.
The gnoll hits you with a +0 club!
Ouch! That really hurt!
You die...

#.......#...#.#####
.......#.#........
###.#......#.###
#...#.##.#.....#
#.#......#.#.#.#
#'###.#....#.#.#
##♣.♣##.#.##†#g# #
+..<..+....#g#.#
##≈≈≈####..@.#.#
#PPP#......##.#
#####......# .#
#.#..... # #######


You could see a gnoll (strong, misshapen).

Vanquished Creatures
  A hobgoblin (D:1)
1 creature vanquished.

Notes
Turn   | Place    | Note
-------+----------+-------------------------------------------
     0 | D:1      | miscthings the Vine Stalker Artificer began the quest for
                  | the Orb.
     0 | D:1      | Reached XP level 1. HP: 9/9 MP: 2/2
    37 | D:1      | Mangled by a gnoll

Illustrated notes

Levels and vault maps discovered:
D:1:      tarquinn_simple_flora_water_e, layout_basic, serial_curves,
          eino_curves_01, eino_curves_04

Action                   || total
-------------------------++-------
Melee: Club              ||     2
       Bite              ||     2
Evoke: Piece from Xom's  ||     9
       Wand              ||     2
Armor: Leather armour    ||     2
Dodge: Dodged            ||     3

Table legend: (Time is in decaauts)
 A = Elapsed time spent in this place.
 B = Non-inter-level travel time spent in this place.
 C = Inter-level travel time spent in this place.
 D = Time resting spent in this place.
 E = Time spent auto-exploring this place.
 F = Levels seen in this place.
 G = Mean time per level.
                   A        B        C        D        E       F      G
               +--------+--------+--------+--------+--------+-----+--------+
         Total |     37 |     37 |      0 |      0 |     13 |   1 |   37.0 |
       Dungeon |     37 |     37 |      0 |      0 |     13 |   1 |   37.0 |
               +--------+--------+--------+--------+--------+-----+--------+

Top non-repeatable levels by time:
     D:1: 37 daAuts
